 Dungeon Crawl Stone Soup version 0.26-a0-639-g72c4674329 (webtiles) character file.

Game seed: 13676992752077485690

2 Lanoc the Charlatan (level 1, 0/12 HPs)
             Began as a Halfling Artificer on Sept 25, 2020.
             Slain by a hobgoblin
             ... wielding a +0 club
              (5 damage)
             ... on level 1 of the Dungeon.
             The game lasted 00:00:23 (156 turns).

Lanoc the Charlatan (Halfling Artificer)             Turns: 156, Time: 00:00:24

Health: 0/12       AC:  3    Str: 13    XL:     1   Next: 33%
Magic:  1/1        EV: 13    Int:  9    God:
Gold:   14         SH:  0    Dex: 14    Spells: 0/0 levels left

rFire    . . .     SeeInvis .   a - +0 club
rCold    . . .     Faith    .   (shield restricted)
rNeg     . . .     Spirit   .   b - +0 leather armour
rPois    .         Reflect  .   (no helmet)
rElec    .         Harm     .   (no cloak)
rCorr    .         Rampage  .   (no gloves)
MR       .....                  (no boots)
Stlth    +.........             (no amulet)
HPRegen  0.04/turn              (no ring)
MPRegen  0.07/turn              (no ring)

@: no status effects
A: small, mutation resistance 1
a: no special abilities


You were on level 1 of the Dungeon.
You visited 1 branch of the dungeon, and saw 2 of its levels.

You collected 14 gold pieces.

Inventory:

Hand Weapons
 a - a +0 club (weapon)
Armour
 b - a +0 leather armour (worn)
Wands
 c - a wand of flame (15)
 d - a wand of enslavement (15)
 e - a wand of random effects (15)


   Skills:
 + Level 0.9 Fighting
 + Level 2.2 Armour
 + Level 1.1 Dodging
 - Level 1.1 Stealth
 * Level 3.0 Evocations


You couldn't memorise any spells.
You didn't know any spells.
Your spell library was empty.

Dungeon Overview and Level Annotations

Branches:
Dungeon (2/15)

Altars:


Innate Abilities, Weirdness & Mutations

You are small and have problems with some larger weapons.
You are somewhat resistant to further mutation.


Message History

The hobgoblin barely misses you.
There is a stone staircase leading up here.
The goblin shouts!
The bat completely misses you. The hobgoblin hits you with a +0 club.
You climb upwards.
There is a stone staircase leading down here.
Things that are here:
a +0 club; a rat corpse; a hobgoblin corpse You barely miss the hobgoblin.
The hobgoblin hits you with a +0 club.
You closely miss the hobgoblin. The hobgoblin closely misses you.
You hit the hobgoblin.
The hobgoblin is lightly wounded.
The hobgoblin closely misses you.
You hit the hobgoblin.
The hobgoblin is moderately wounded.
The hobgoblin closely misses you. The hobgoblin hits you with a +0 club.
You barely miss the hobgoblin.
The hobgoblin is moderately wounded.
The hobgoblin hits you with a +0 club.
You die...

#.....# ....# #.....#
....# #.....# .....+
#.....# .....# #.....#
########.....
#.....####...........##
####.....##...#.#.#.#.#..
.........@g>...#.#.#.#.#
.........####.#.#.#.#.##
.........# #..#.#.#.#.#
.........####.#.≈≈≈≈≈.#
.###.....##....#≈...≈#.#
########...#.≈<..≈.##
#....#≈...≈#.#
#...#.≈≈≈≈≈.## #
#..#.#.#.#.#


You could see a hobgoblin.

Vanquished Creatures
  A hobgoblin (D:1)
  A rat (D:1)
2 creatures vanquished.

Vanquished Creatures (others)
  2 adders (D:2)
2 creatures vanquished.

Grand Total: 4 creatures vanquished

Notes
Turn   | Place    | Note
-------+----------+-------------------------------------------
     0 | D:1      | Lanoc the Halfling Artificer began the quest for the Orb.
     0 | D:1      | Reached XP level 1. HP: 12/12 MP: 1/1
   156 | D:1      | Slain by a hobgoblin

Illustrated notes

Levels and vault maps discovered:
D:1:      ncdulo_watergridlock, layout_basic
D:2:      layout_rooms, lemuel_flame_loot_1, uniq_terence

Action                   || total
-------------------------++-------
Melee: Club              ||    17
Armor: Leather armour    ||     3
Dodge: Dodged            ||    17

Table legend: (Time is in decaauts)
 A = Elapsed time spent in this place.
 B = Non-inter-level travel time spent in this place.
 C = Inter-level travel time spent in this place.
 D = Time resting spent in this place.
 E = Time spent auto-exploring this place.
 F = Levels seen in this place.
 G = Mean time per level.
                   A        B        C        D        E       F      G
               +--------+--------+--------+--------+--------+-----+--------+
         Total |    162 |    162 |      0 |    102 |      0 |   2 |   81.0 |
       Dungeon |    162 |    162 |      0 |    102 |      0 |   2 |   81.0 |
               +--------+--------+--------+--------+--------+-----+--------+

Top non-repeatable levels by time:
     D:1: 152 daAuts
     D:2: 10 daAuts
